[ AOE2 MATCH · #506279006 ]
UnrankedSpanish vs Bengalis
Player's team · LOSS
Rival team · WIN
[ REPLAY ANALYSIS · EXTRACTED FROM THE RECORDED GAME ]
Feudal
9:41
Castle
—
Imperial
—
| APM avg | 63.8 |
| APM peak | 92 |
| eAPM avg | 21.9 |
| Villagers / military | 45 / 15 |
Focus
⚔️ 38.4% · 🌾 61.6%
Skirmisher ×7 · Militia ×5 · Spearman ×2 · Archer ×1
Feudal
9:20
Castle
—
Imperial
—
| APM avg | 51.7 |
| APM peak | 83 |
| eAPM avg | 17.3 |
| Villagers / military | 41 / 19 |
Focus
⚔️ 26.6% · 🌾 73.4%
Archer ×10 · Militia ×5 · Scout Cavalry ×3 · Skirmisher ×1
Match map
Initial resources + every placement click. Lines = walls · curves = elevation contours. ◆ gold · ⬟ stone · ● berries · ✦ relic · ◌ wall gap
Your base· Open — unwalled flank
老愛國's base· Open — unwalled flank
Smoothed initial terrain · ◌ = detected wall gap · hover for details
Inputs per minute
— monkeyxmy - - 老愛國
Build order — monkeyxmy
104 actions detected in the replay
| 0:01 | Queue | Villager (Male) |
| 0:01 | Queue | Villager (Male) |
| 0:02 | Queue | Villager (Male) |
| 0:04 | Build | House |
| 0:13 | Queue | Villager (Male) |
| 0:13 | Queue | Villager (Male) |
| 1:21 | Queue | Villager (Male) |
| 1:21 | Queue | Villager (Male) |
| 1:53 | Queue | Villager (Male) |
| 1:53 | Queue | Villager (Male) |
| 2:10 | Queue | Villager (Male) |
| 2:10 | Queue | Villager (Male) |
| 2:28 | Build | Lumber Camp |
| 2:39 | Queue | Villager (Male) |
| 2:39 | Queue | Villager (Male) |
| 2:55 | Queue | Villager (Male) |
| 2:56 | Queue | Villager (Male) |
| 3:42 | Queue | Villager (Male) |
| 3:42 | Queue | Villager (Male) |
| 3:59 | Build | House |
| 4:08 | Queue | Villager (Male) |
| 4:09 | Queue | Villager (Male) |
| 4:23 | Queue | Villager (Male) |
| 4:23 | Queue | Villager (Male) |
| 4:27 | Build | House |
| 4:44 | Queue | Villager (Male) |
| 4:47 | Queue | Villager (Male) |
| 4:51 | Build | Palisade Wall |
| 5:30 | Build | House |
| 5:42 | Queue | Villager (Male) |
| 5:54 | Queue | Villager (Male) |
| 5:55 | Queue | Villager (Male) |
| 6:06 | Build | House |
| 6:08 | Build | Palisade Wall |
| 6:22 | Build | Barracks |
| 6:42 | Queue | Villager (Male) |
| 6:53 | Research | Loom |
| 7:26 | Research | Feudal Age |
| 7:49 | Build | Lumber Camp |
| 7:54 | Queue | Militia |
| 7:54 | Queue | Militia |
| 8:20 | Queue | Militia |
| 8:31 | Build | Mining Camp |
| 8:36 | Queue | Militia |
| 8:45 | Queue | Villager (Male) |
| 9:03 | Build | Palisade Wall |
| 9:10 | Build | Palisade Wall |
| 9:19 | Queue | Militia |
| 9:35 | Queue | Villager (Male) |
| 9:41 | Age | Feudal Age |
| 9:45 | Build | Archery Range |
| 9:54 | Research | Man-at-Arms (upgrade) |
| 10:26 | Queue | Archer |
| 10:54 | Research | Double-Bit Axe |
| 11:09 | Build | Mill |
| 11:17 | Queue | Villager (Male) |
| 11:18 | Queue | Villager (Male) |
| 11:20 | Build | House |
| 11:54 | Queue | Villager (Male) |
| 11:56 | Build | Farm |
| 11:57 | Build | Farm |
| 12:06 | Build | Palisade Wall |
| 12:13 | Build | Farm |
| 12:15 | Build | Farm |
| 12:17 | Queue | Villager (Male) |
| 12:34 | Research | Horse Collar |
| 12:51 | Queue | Skirmisher |
| 13:02 | Queue | Villager (Male) |
| 13:05 | Queue | Skirmisher |
| 13:09 | Build | House |
| 13:18 | Queue | Skirmisher |
| 13:23 | Build | Farm |
| 13:26 | Build | Farm |
| 13:58 | Queue | Villager (Male) |
| 14:06 | Queue | Skirmisher |
| 14:07 | Queue | Villager (Male) |
| 14:07 | Queue | Villager (Male) |
| 14:24 | Queue | Villager (Male) |
| 14:28 | Queue | Skirmisher |
| 15:13 | Queue | Skirmisher |
| 15:15 | Queue | Villager (Male) |
| 15:21 | Build | Farm |
| 15:27 | Build | House |
| 15:39 | Queue | Skirmisher |
| 15:39 | Queue | Villager (Male) |
| 15:51 | Build | Farm |
| 16:06 | Queue | Villager (Male) |
| 16:18 | Build | Blacksmith |
| 16:21 | Queue | Villager (Male) |
| 16:30 | Queue | Villager (Male) |
| 16:43 | Queue | Villager (Male) |
| 16:45 | Build | Farm |
| 16:52 | Research | Fletching |
| 16:56 | Build | House |
| 17:03 | Build | Farm |
| 17:11 | Queue | Spearman |
| 17:16 | Build | House |
| 17:25 | Build | Farm |
| 17:32 | Build | Palisade Wall |
| 17:43 | Queue | Spearman |
| 17:44 | Queue | Villager (Male) |
| 17:48 | Build | House |
| 17:57 | Build | Farm |
| 18:14 | Build | House |
Build order — 老愛國
107 actions detected in the replay
| 0:03 | Queue | Villager (Male) |
| 0:03 | Queue | Villager (Male) |
| 0:03 | Queue | Villager (Male) |
| 0:04 | Build | House |
| 0:05 | Build | House |
| 0:26 | Queue | Villager (Male) |
| 1:40 | Queue | Villager (Male) |
| 2:02 | Queue | Villager (Male) |
| 2:02 | Queue | Villager (Male) |
| 2:21 | Build | Lumber Camp |
| 2:31 | Queue | Villager (Male) |
| 2:31 | Queue | Villager (Male) |
| 2:32 | Queue | Villager (Male) |
| 2:32 | Queue | Villager (Male) |
| 2:33 | Queue | Villager (Male) |
| 2:52 | Queue | Villager (Male) |
| 2:53 | Queue | Villager (Male) |
| 2:53 | Queue | Villager (Male) |
| 3:41 | Queue | Villager (Male) |
| 3:54 | Queue | Villager (Male) |
| 4:02 | Queue | Villager (Male) |
| 4:20 | Queue | Villager (Male) |
| 5:19 | Build | House |
| 5:26 | Queue | Villager (Male) |
| 5:32 | Build | Barracks |
| 5:41 | Queue | Villager (Male) |
| 6:20 | Queue | Villager (Male) |
| 6:39 | Research | Loom |
| 6:41 | Queue | Militia |
| 7:01 | Build | Mining Camp |
| 7:07 | Research | Feudal Age |
| 7:09 | Queue | Militia |
| 7:35 | Queue | Militia |
| 8:07 | Build | House |
| 8:21 | Queue | Villager (Male) |
| 8:35 | Queue | Militia |
| 9:20 | Age | Feudal Age |
| 9:23 | Research | Man-at-Arms (upgrade) |
| 9:35 | Build | Archery Range |
| 9:38 | Queue | Villager (Male) |
| 9:51 | Research | Double-Bit Axe |
| 10:15 | Queue | Villager (Male) |
| 10:28 | Queue | Archer |
| 10:49 | Queue | Villager (Male) |
| 10:54 | Build | Mill |
| 10:56 | Build | House |
| 10:58 | Build | House |
| 11:03 | Queue | Archer |
| 11:09 | Queue | Militia |
| 11:19 | Queue | Villager (Male) |
| 11:24 | Build | House |
| 11:25 | Build | Palisade Wall |
| 11:30 | Build | Palisade Wall |
| 11:34 | Queue | Archer |
| 11:46 | Build | Blacksmith |
| 11:47 | Queue | Villager (Male) |
| 11:51 | Build | Farm |
| 12:00 | Build | Farm |
| 12:05 | Build | Palisade Wall |
| 12:13 | Queue | Villager (Male) |
| 12:14 | Queue | Archer |
| 12:54 | Queue | Villager (Male) |
| 12:57 | Queue | Skirmisher |
| 12:59 | Build | Palisade Wall |
| 13:11 | Research | Fletching |
| 13:14 | Build | Farm |
| 13:15 | Build | Farm |
| 13:18 | Queue | Villager (Male) |
| 13:53 | Queue | Villager (Male) |
| 14:21 | Queue | Villager (Male) |
| 14:27 | Build | Farm |
| 14:28 | Build | Farm |
| 14:29 | Build | Farm |
| 14:38 | Queue | Archer |
| 14:42 | Build | Farm |
| 14:47 | Build | Palisade Wall |
| 14:52 | Build | Farm |
| 14:52 | Build | Farm |
| 14:53 | Queue | Villager (Male) |
| 14:59 | Build | Stable |
| 15:01 | Queue | Archer |
| 15:10 | Queue | Villager (Male) |
| 15:29 | Queue | Archer |
| 15:37 | Queue | Villager (Male) |
| 15:44 | Build | Farm |
| 15:57 | Build | Lumber Camp |
| 16:00 | Queue | Villager (Male) |
| 16:01 | Queue | Scout Cavalry |
| 16:01 | Queue | Scout Cavalry |
| 16:11 | Build | Farm |
| 16:26 | Queue | Villager (Male) |
| 16:30 | Queue | Archer |
| 16:30 | Queue | Archer |
| 16:36 | Queue | Scout Cavalry |
| 16:56 | Queue | Villager (Male) |
| 17:02 | Build | House |
| 17:02 | Build | House |
| 17:05 | Build | House |
| 17:20 | Build | Farm |
| 17:46 | Queue | Archer |
| 17:47 | Queue | Villager (Male) |
| 17:52 | Build | Farm |
| 17:56 | Build | House |
| 18:00 | Build | House |
| 18:01 | Build | House |
| 18:07 | Build | Palisade Gate |
| 18:24 | Queue | Villager (Male) |
Match timeline
| 4:51 | monkeyxmy · wall_segment Palisade Wall x4 |
| 5:32 | 老愛國 · first_building Barracks |
| 6:08 | monkeyxmy · wall_segment Palisade Wall x1 |
| 6:22 | monkeyxmy · first_building Barracks |
| 9:03 | monkeyxmy · wall_segment Palisade Wall x1 |
| 9:10 | monkeyxmy · wall_segment Palisade Wall x1 |
| 9:20 | 老愛國 · age_up feudal |
| 9:35 | 老愛國 · first_building Archery Range |
| 9:41 | monkeyxmy · age_up feudal |
| 9:45 | monkeyxmy · first_building Archery Range |
| 11:25 | 老愛國 · wall_segment Palisade Wall x2 |
| 11:30 | 老愛國 · wall_segment Palisade Wall x2 |
| 12:05 | 老愛國 · wall_segment Palisade Wall x5 |
| 12:06 | monkeyxmy · wall_segment Palisade Wall x7 |
| 12:59 | 老愛國 · wall_segment Palisade Wall x1 |
| 14:47 | 老愛國 · wall_segment Palisade Wall x8 |
| 14:59 | 老愛國 · first_building Stable |
| 17:32 | monkeyxmy · wall_segment Palisade Wall x4 |
| 18:24 | monkeyxmy · resign |
[ AI ANALYSIS · 1 CREDIT ]
What really happened in this match?
Wolo.gg analyzes every decision: build order, eco, micro, common mistakes by bracket. Personalized analysis on WhatsApp or Discord in 30 seconds.
Civ guide
Spanish
Perfil
Jugador #8483399